 Dungeon Crawl Stone Soup version 0.25-a0-292-gaa31f046c4 (webtiles) character file.

Game seed: 3680788456614778464, levelgen mode: classic

22271 Borgoz the Slicer (level 13, -17/90 HPs)
             Began as a Halfling Gladiator on Dec 15, 2019.
             Was a High Priest of Dithmenos.
             Killed from afar by Josephine (34 damage)
             ... with a ghostly fireball
             ... on level 12 of the Dungeon on Dec 16, 2019.
             The game lasted 00:32:01 (15930 turns).

Borgoz the Slicer (Halfling Gladiator)             Turns: 15930, Time: 00:32:03

Health: -17/90     AC: 15    Str: 15    XL:     13   Next: 26%
Magic:  13/13      EV: 20    Int:  6    God:    Dithmenos [*****.]
Gold:   751        SH:  9    Dex: 21    Spells: 12/12 levels left

rFire    + . .     SeeInvis .   a - +0 rapier
rCold    . . .     Gourm    .   F - +2 buckler
rNeg     . . .     Faith    .   d - +1 ring mail {rF+}
rPois    .         Spirit   .   c - +1 helmet
rElec    .         Reflect  .   K - +2 cloak {MR+}
rCorr    .         Harm     .   (no gloves)
MR       +....                  H - +0 pair of boots
Stlth    ++++......             (no amulet)
HPRegen  0.25/turn              (no ring)
MPRegen  0.13/turn              (no ring)

@: lethally poisoned (-17 -> -36), wreathed by umbra, heavily drained
A: small, mutation resistance 1
a: Shadow Step, Shadow Form, Renounce Religion


You were on level 12 of the Dungeon.
You worshipped Dithmenos.
Dithmenos was extremely pleased with you.
You were not hungry.

You visited 2 branches of the dungeon, and saw 13 of its levels.
You visited the Abyss 1 time.
You also visited: Sewer.

You collected 751 gold pieces.

Inventory:

Hand Weapons
 a - a +0 rapier (weapon)
 J - a +1 dagger of speed
 N - a +0 rapier
Armour
 c - a +1 helmet (worn)
 d - a +1 ring mail of fire resistance (worn)
 F - a +2 buckler (worn)
 H - a +0 pair of boots (worn)
 K - a +2 cloak of magic resistance (worn)
 M - a +2 leather armour of poison resistance
Jewellery
 D - an uncursed ring of ice
Wands
 j - a wand of iceblast (9)
 k - a wand of digging (7)
 m - a wand of random effects (19)
 v - a wand of scattershot (1)
 A - a wand of polymorph (4)
 C - a wand of acid (7)
Scrolls
 b - 4 scrolls of enchant armour
 e - 6 scrolls of teleportation
 g - a scroll of magic mapping {unknown}
 i - 9 scrolls of amnesia
 o - 4 scrolls of immolation {unknown}
 q - 2 scrolls of fear {unknown}
 s - 2 scrolls of enchant weapon {unknown}
 t - 6 scrolls of remove curse
 u - a scroll of vulnerability {unknown}
 y - a scroll of random uselessness {unknown}
 G - 2 scrolls of fog {unknown}
 I - a scroll of blinking
Potions
 h - a potion of brilliance
 l - 6 potions of haste
 n - 3 potions of resistance
 p - 2 potions of mutation
 r - 3 potions of cancellation
 w - 2 potions of heal wounds
 x - 3 potions of curing
 z - a potion of might
 B - 2 potions of agility
 L - 2 potions of flight
Comestibles
 f - 11 rations


   Skills:
 * Level 9.3(7.3) Fighting
 * Level 12.0(9.9) Short Blades
 - Level 2.0(0.4) Throwing
 * Level 10.7(8.6) Armour
 * Level 11.1(9.1) Dodging
 + Level 8.0(6.1) Stealth
 + Level 5.8(4.0) Shields


You had 12 spell levels left.
You didn't know any spells.
Your spell library contained the following spells:

 Spells                   Type           Power        Failure   Level  Hunger
 Freeze                   Ice            #...         71%         1    ##.....
 Magic Dart               Conj           #...         71%         1    ##.....
 Blink                    Tloc           N/A          83%         2    ###....
 Call Imp                 Summ           #.......     83%         2    ###....
 Searing Ray              Conj           #.....       83%         2    ###....
 Slow                     Hex            #.......     83%         2    ###....
 Conjure Flame            Conj/Fire      #.......     97%         3    ####...
 Dazzling Flash           Conj/Hex       #.....       97%         3    ####...
 Mephitic Cloud           Conj/Pois/Air  #.......     97%         3    ####...
 Ozocubu's Armour         Chrm/Ice       #.......     97%         3    ####...
 Fulminant Prism          Conj/Hex       #.........   100%        4    #####..
 Hailstorm                Conj/Ice       #.......     100%        4    #####..
 Iskenderun's Mystic Bla  Conj/Tloc      #.......     100%        4    #####..
 Summon Ice Beast         Ice/Summ       #.......     100%        4    #####..


Dungeon Overview and Level Annotations

Branches:
Dungeon (12/15)            Temple (1/1) D:4            Lair (0/6) D:10
    Orc (0/2) D:11          Sewer (visited)

Altars:
Ashenzari
Cheibriados
Dithmenos
Elyvilon
Fedhas
Gozag
Hepliaklqana
Kikubaaqudgha
Makhleb
Nemelex Xobeh
Okawaru
Qazlal
Ru
Sif Muna
Trog
Uskayaw
Vehumet
Wu Jian
Xom
Yredelemnul
Zin
The Shining One

Shops:
D:6 [?   D:10 (

Annotations:
D:12 Gastronok, Josephine


Innate Abilities, Weirdness & Mutations

You are small and have problems with some larger weapons.
You are somewhat resistant to further mutation.


Message History

Your shadow hits Josephine with a rapier.
* * * LOW HITPOINT WARNING * * *
You feel sick.
Evoke which item? (* to show all) (? for menu, Esc to quit)
Aiming: Corrosive Bolt
Press: ? - help, Shift-Dir - straight line, f - Josephine
Aim: Josephine, wielding a +2 dagger of venom and wearing a +2 robe of positive energy (black smoke, severely wounded, umbra)
The bolt of acid hits Josephine!
Josephine is splashed with acid.
The acid corrodes Josephine!
Josephine is almost dead.
The bolt of acid hits the iguana!
The iguana is splashed with acid.
The acid corrodes the iguana!
You kill the iguana!
Dithmenos accepts your kill.
* * * LOW HITPOINT WARNING * * *
You feel sick.
Josephine points at you and mumbles some strange words.
The ghostly flame explodes!
The ghostly fireball engulfs you!!
You feel drained.
You die...

#..........'...'..
#..........#...### .
#..........#...... ..
########[#.####### ...
#[#........ ....
#[######### .....
######.# #
...wYW####§.....#########
....WW§@@§§.............<
.....Y####§###......####.
.###.. #.# #......# #.
#(#..####.###......####.
.###.Y†.÷...........+...^
......))#.#.#.......#.#.#
...........#.#.......#.#.
#.#..'....#.#.#'#'#.#.#.#
.#.#l#....'#.#.#.#.#.#.#.


You could see Josephine.

Vanquished Creatures
  Nessos (D:12)
  Azrael (D:11)
  Erolcha (D:9)
  Erica (D:12)
  A centaur warrior (D:9)
  4 two-headed ogres
  Urug (D:11)
  Nergalle (D:11)
  2 unseen horrors
  2 wizards (D:12)
  An orc knight (D:12)
  2 ugly things
  Psyche (D:8)
  Maurice (D:11)
  A gargoyle (D:10)
  Joseph (D:12)
  3 trolls
  Prince Ribbit (D:6)
  Grinder (D:5)
  2 hippogriffs
  8 yaks
  A spriggan (D:8)
  A hungry ghost (D:11)
  3 vampire mosquitoes (D:12)
  3 fire elementals (D:12)
  3 wargs (D:10)
  4 hell hounds
  2 water moccasins
  Duvessa (D:5)
  2 ice beasts
  Purgy (Sewer)
  4 orc warriors
  4 sky beasts
  2 phantoms (D:12)
  2 black bears
  12 ogres
  A necrophage (D:7)
  3 centaurs
  2 big kobolds
  6 bullfrogs
  Dowan (D:5)
  A wyvern skeleton (D:7)
  4 scorpions
  6 killer bees (D:11)
  5 wights (D:10)
  A centaur zombie (D:10)
  5 crimson imps
  2 bullfrog zombies
  A quasit (D:8)
  2 bullfrog skeletons
  11 orc priests
  6 hounds
  3 jellies
  11 orc wizards
  A gnoll shaman (D:7)
  4 iguanas
  8 worker ants
  A hound zombie (D:11)
  2 hound skeletons
  A worker ant zombie (D:3)
  A howler monkey skeleton (D:9)
  8 gnolls
  9 adders
  4 shadow imps
  An ooze (D:4)
  2 adder zombies
  2 worms (D:6)
  6 dart slugs
  4 leopard geckos
  34 orcs
  2 ball pythons
  4 giant cockroaches
  6 goblins
  8 hobgoblins
  3 jackals (D:6)
  4 quokkas
  17 bats
  A frilled lizard (D:3)
  A jackal skeleton (D:7)
  14 kobolds
  A leopard gecko skeleton (D:5)
  4 rats
306 creatures vanquished.

Vanquished Creatures (others)
  A gargoyle (D:12)
  A wyvern zombie (D:12)
  A centaur skeleton (D:12)
  A worker ant (D:12)
  A kobold (D:11)
5 creatures vanquished.

Grand Total: 311 creatures vanquished

Notes
Turn   | Place    | Note
-------+----------+-------------------------------------------
     0 | D:1      | Borgoz the Halfling Gladiator began the quest for the Orb.
     0 | D:1      | Reached XP level 1. HP: 14/14 MP: 1/1
     7 | D:1      | Found a sparkling altar of Nemelex Xobeh.
    37 | D:1      | Reached XP level 2. HP: 7/19 MP: 2/2
   610 | D:1      | Reached skill level 1 in Armour
   814 | D:1      | Reached XP level 3. HP: 24/24 MP: 3/3
   838 | D:1      | Reached skill level 4 in Short Blades
   871 | D:1      | Reached skill level 1 in Stealth
   871 | D:1      | Reached XP level 4. HP: 17/30 MP: 4/4
  1267 | D:2      | Found a snail-covered altar of Cheibriados.
  1489 | D:2      | Reached XP level 5. HP: 33/35 MP: 5/5
  1538 | D:2      | Found an opulent altar of Gozag.
  1541 | D:2      | Found a glowing golden altar of the Shining One.
  1545 | D:2      | Found a hazy altar of Hepliaklqana.
  1558 | D:2      | Found a white marble altar of Elyvilon.
  1561 | D:2      | Found a radiant altar of Vehumet.
  2954 | D:3      | Reached XP level 6. HP: 40/41 MP: 6/6
  3336 | D:4      | Noticed an ogre
  3352 | D:4      | Killed an ogre
  3352 | D:4      | Reached skill level 5 in Short Blades
  3997 | D:4      | Found a staircase to the Ecumenical Temple.
  4006 | Temple   | Entered the Ecumenical Temple
  4180 | Temple   | Became a worshipper of Dithmenos the Shadowed
  4345 | D:5      | Entered Level 5 of the Dungeon
  4345 | D:5      | Noticed an ogre
  4347 | D:5      | Killed an ogre
  4347 | D:5      | Reached XP level 7. HP: 46/46 MP: 7/7
  4367 | D:5      | Reached skill level 5 in Dodging
  5128 | D:5      | Reached XP level 8. HP: 31/54 MP: 8/8
  5345 | D:4      | Reached skill level 6 in Short Blades
  5379 | D:5      | Noticed Duvessa
  5438 | D:5      | Noticed Dowan
  5459 | D:5      | Killed Duvessa
  5461 | D:5      | Killed Dowan
  5778 | D:5      | Noticed Grinder
  5807 | D:5      | Paralysed by Grinder for 4 turns
  5817 | D:5      | Paralysed by Grinder for 2 turns
  5823 | D:5      | Killed Grinder
  5823 | D:5      | Reached skill level 5 in Armour
  6019 | D:6      | Found a glowing drain.
  6051 | D:6      | Reached * piety under Dithmenos
  6068 | D:6      | Reached XP level 9. HP: 14/60 MP: 9/9
  6094 | D:6      | Reached skill level 7 in Short Blades
  6121 | D:6      | Found Qebrugy's Armour Shop.
  6155 | Sewer    | Entered a sewer
  6346 | Sewer    | Noticed Purgy
  6386 | Sewer    | Killed Purgy
  6386 | Sewer    | Reached skill level 5 in Fighting
  6615 | D:6      | Found Todipo Ruacu's Magic Scroll Boutique.
  6669 | D:6      | Noticed Prince Ribbit
  7209 | D:6      | Killed Prince Ribbit
  7293 | D:6      | Reached ** piety under Dithmenos
  8057 | D:7      | Reached skill level 8 in Short Blades
  8304 | D:7      | Found an iron altar of Okawaru.
  8725 | D:7      | Reached XP level 10. HP: 64/68 MP: 10/10
  8822 | D:8      | Noticed Psyche
  8847 | D:8      | Killed Psyche
  8847 | D:8      | Reached skill level 1 in Shields
  8914 | D:8      | Reached skill level 5 in Stealth
  8987 | D:8      | Reached *** piety under Dithmenos
  9701 | D:9      | Noticed a two-headed ogre
  9723 | D:9      | Killed a two-headed ogre
  9969 | D:9      | Reached skill level 9 in Short Blades
 10051 | D:9      | Noticed Erolcha
 10052 | D:9      | Cast into level 1 of the Abyss (Erolcha)
 10099 | D:9      | Escaped the Abyss
 10105 | D:9      | Killed Erolcha
 10271 | D:9      | Reached XP level 11. HP: 51/74 MP: 11/11
 10937 | D:9      | Noticed a centaur warrior
 10954 | D:9      | Killed a centaur warrior
 11045 | D:10     | Entered Level 10 of the Dungeon
 11072 | D:10     | Noticed a red ugly thing
 11078 | D:10     | Noticed a two-headed ogre
 11085 | D:10     | Killed a red ugly thing
 11086 | D:10     | Found Zaecs's Weapon Emporium.
 11115 | D:10     | Reached skill level 10 in Short Blades
 11132 | D:10     | Killed a two-headed ogre
 11132 | D:10     | Reached **** piety under Dithmenos
 11371 | D:10     | Noticed a two-headed ogre
 11375 | D:10     | Killed a two-headed ogre
 11940 | D:10     | Found a staircase to the Lair.
 12262 | D:10     | Noticed a two-headed ogre
 12266 | D:10     | Killed a two-headed ogre
 12266 | D:10     | Reached XP level 12. HP: 82/82 MP: 12/12
 13263 | D:11     | Noticed Maurice
 13267 | D:11     | Killed Maurice
 13267 | D:11     | Reached skill level 10 in Dodging
 13456 | D:11     | Found a staircase to the Orcish Mines.
 13555 | D:11     | Killed an unseen horror
 13853 | D:11     | Reached skill level 11 in Short Blades
 14093 | D:11     | Noticed Nergalle
 14100 | D:11     | Killed Nergalle
 14148 | D:11     | Noticed Urug
 14150 | D:11     | Killed Urug
 14163 | D:12     | Noticed Azrael
 14262 | D:12     | Reached skill level 5 in Shields
 14382 | D:12     | Reached skill level 10 in Armour
 14440 | D:12     | Noticed Nessos
 14469 | D:12     | Killed Nessos
 15049 | D:11     | Killed Azrael
 15375 | D:12     | Killed an unseen horror
 15375 | D:12     | Reached XP level 13. HP: 53/90 MP: 13/13
 15446 | D:12     | Reached ***** piety under Dithmenos
 15515 | D:12     | Noticed Joseph
 15588 | D:12     | Killed Joseph
 15604 | D:12     | Noticed Josephine
 15622 | D:12     | Noticed Erica
 15869 | D:12     | Noticed Gastronok
 15891 | D:12     | Killed Erica
 15901 | D:12     | Reached skill level 12 in Short Blades
 15930 | D:12     | Killed from afar by Josephine

Levels and vault maps discovered:
D:1:      wander_arrival_abandoned_jail, layout_rooms,
          nemelex_xobeh_ov_fountains_minmay
D:2:      layout_basic, minmay_overflow_temple_star_hex, kennysheep_slug_shrine
D:3:      layout_loops_ring
D:4:      layout_loops_ring, minmay_temple_entry_fiery
D:5:      layout_cave_pools, first_ration, uniq_duvessa, uniq_grinder
D:6:      layout_basic, serial_shops, shop, shop, cheibrodos_sewer_entry_sluice,
          st_stairs_10, uniq_prince_ribbit1
D:7:      layout_basic, okawaru_gym_becter
D:8:      layout_basic, the_bakery, uniq_psyche
D:9:      layout_loops_ring, uniq_erolcha
D:10:     layout_long_grid, erik_lair_orcish_takeover, serial_shops, shop_statue
D:11:     layout_loops_ring, orc_0_dummy, minmay_misc_feat_ornament,
          uniq_nergalle, uniq_maurice, uniq_urug
D:12:     layout_basic, st_stairs_11, minmay_misc_feat_room, sword_in_stone,
          uniq_kirke, uniq_gastronok, uniq_josephine, uniq_nessos, uniq_azrael
Temple:   nicolae_temple_elliptical

Skill      XL: |  1  2  3  4  5  6  7  8  9 10 11 12 13 |
---------------+----------------------------------------+-----
Fighting       | 2 3 4 5 6 7 9 |  9.3
Armour         | 1 2 3 4 5 6 7 9 10 | 10.7
Short Blades   | 4 5 6 8 9 10 11 12 | 12.0
Stealth        | 1 2 3 4 5 6 7 8 |  8.0
Dodging        | 4 5 6 7 8 9 10 11 | 11.1
Shields        | 2 4 5 |  5.8
Throwing       | |  2.0

Action                   |  1- 3 |  4- 6 |  7- 9 | 10-12 | 13-15 || total
-------------------------+-------+-------+-------+-------+-------++-------
Melee: Rapier            |    65 |   202 |   556 |   996 |   176 ||  1995
       Unarmed           |       |       |       |     1 |       ||     1
Throw: Throwing net      |     1 |     1 |     9 |     1 |       ||    12
Evoke: Wand              |       |     2 |     1 |    13 |     1 ||    17
  Use: Scroll            |       |     4 |       |    10 |     2 ||    16
       Potion            |       |     1 |     7 |     3 |     3 ||    14
 Stab: Sleeping          |       |     9 |     3 |    25 |       ||    37
       Held in net/web   |       |       |     4 |     1 |       ||     5
       Distracted        |       |       |     1 |     1 |     1 ||     3
       Invisible         |       |       |       |       |     5 ||     5
  Eat: Chunk             |       |    11 |    11 |    18 |       ||    40
       Ration            |       |       |     1 |     2 |       ||     3
Armor: Leather armour    |    11 |    31 |       |       |       ||    42
       Ring mail         |       |     3 |    90 |   149 |    25 ||   267
       Troll leather arm |       |       |     8 |       |       ||     8
       Skin              |       |       |       |    14 |       ||    14
Dodge: Dodged            |    55 |   160 |   452 |   546 |    95 ||  1308
Block: Buckler           |       |       |    14 |   280 |    57 ||   351

Table legend:
 A = Non-vault XP
 B = Vault XP
 C = Vault XP percentage of total XP
 D = Non-vault monster count
 E = Vault monster count
 F = Vault count percentage of total count
                 A         B        C        D         E       F
            +---------+---------+-------+---------+---------+-------
      Total |   18913 |   12904 |  40.6 |     259 |      48 |  15.6
            +---------+---------+-------+---------+---------+-------
        D:1 |      87 |       0 |   0.0 |      19 |       0 |   0.0
        D:2 |     109 |       4 |   3.5 |      15 |       1 |   6.2
        D:3 |     110 |       0 |   0.0 |      26 |       0 |   0.0
        D:4 |     374 |       0 |   0.0 |      16 |       0 |   0.0
        D:5 |     629 |     504 |  44.5 |      13 |       3 |  18.8
        D:6 |     789 |     418 |  34.6 |      23 |       6 |  20.7
        D:7 |     854 |       0 |   0.0 |      29 |       0 |   0.0
        D:8 |     353 |     668 |  65.4 |       7 |       2 |  22.2
        D:9 |    3834 |     959 |  20.0 |      29 |       1 |   3.3
       D:10 |    6303 |     657 |   9.4 |      37 |       9 |  19.6
       D:11 |    3267 |    3714 |  53.2 |      26 |       6 |  18.8
       D:12 |    2204 |    5838 |  72.6 |      19 |      14 |  42.4
      Sewer |       0 |     142 | 100.0 |       0 |       6 | 100.0
            +---------+---------+-------+---------+---------+-------
